 Dungeon Crawl Stone Soup version 0.23.2-30-g0e89c35649 (webtiles) character file.

Game seed: 15369221093131050189

65 Richard19 the Charmwright (level 4, 0/60 HPs)
             Began as a Naga Skald on June 23, 2019.
             Slain by a water moccasin (6 damage)
             ... on level 3 of the Dungeon.
             The game lasted 00:13:18 (1941 turns).

Richard19 the Charmwright (Naga Skald)              Turns: 1941, Time: 00:13:18

Health: 0/60       AC: 22    Str: 13    XL:     4   Next: 14%
Magic:  0/7        EV:  1    Int: 15    God:
Gold:   196        SH:  0    Dex: 10    Spells: 1/7 levels left

rFire    . . .     SeeInvis +   a - +0 spear
rCold    . . .     Gourm    .   (no shield)
rNeg     + + +     Faith    .   (armour currently unavailable)
rPois    +         Spirit   .   (helmet currently unavailable)
rElec    .         Reflect  .   (cloak currently unavailable)
rCorr    .         Harm     .   (gloves currently unavailable)
MR       .....     NoTele   +   (no barding)
Stlth    ++........             (no amulet)
HPRegen  0.20/turn              p - ring of flight
MPRegen  0.10/turn              (no ring)

@: tree-form, very slightly contaminated
A: large, see invisible, slow metabolism 1, spit poison 1, AC +1
a: Spit Poison


You were on level 3 of the Dungeon.
You were not hungry.
You were a tree.
You visited 1 branch of the dungeon, and saw 3 of its levels.

You collected 196 gold pieces.

Inventory:

Hand Weapons
 a - a +0 spear (weapon)
 q - a +0 arbalest
Missiles
 g - 165 stones (quivered)
 j - 28 sling bullets
 n - 35 arrows
Armour
 b - a +0 leather armour (melded)
 h - a +2 cloak (melded)
 m - a +2 large shield
Jewellery
 p - a ring of flight (left branch)
Scrolls
 c - 2 scrolls of noise
 f - a scroll of teleportation
 k - a scroll of identify {unknown}
 l - a scroll of enchant armour {unknown}
 o - a scroll of remove curse {unknown}
Potions
 e - a potion of haste {unknown}
 i - a potion of lignification
 r - a potion of degeneration {unknown}
 t - 2 potions of invisibility {unknown}
Comestibles
 d - 5 rations
 s - 3 chunks of flesh


   Skills:
 + Level 2.4 Fighting
 + Level 2.5 Polearms
 - Level 0.7 Armour
 - Level 1.5 Dodging
 + Level 2.1 Stealth
 + Level 2.3 Spellcasting
 * Level 1.2 Hexes
 + Level 3.3 Charms


You had one spell level left.
You knew the following spells:

 Your Spells              Type           Power        Failure   Level  Hunger
a - Infusion              Chrm           ##..         5%          1    #......
b - Song of Slaying       Chrm           ##......     9%          2    ###....
c - Spectral Weapon       Hex/Chrm       #.......     26%         3    ###....

Your spell library contained the following spells:

 Spells                   Type           Power        Failure   Level  Hunger
 Shroud of Golubria       Chrm/Tloc      #.........   16%         2    ###....
 Regeneration             Chrm/Necr      #.........   32%         3    ###....


Dungeon Overview and Level Annotations

Branches:
Dungeon (3/15)

Altars:
Ru
Zin


Innate Abilities, Weirdness & Mutations

You cannot wear boots.
((Your serpentine skin is tough. (AC +1)))
You have supernaturally acute eyesight. (SInv)
((Armour fits poorly on your strangely shaped body.))
((Your system is resistant to poisons. (rPois)))
((You cover ground very slowly.))
You have a slow metabolism.
You can spit poison.


Message History

The water moccasin bites you but does no damage.
You miss the water moccasin.
The water moccasin is moderately wounded.
The water moccasin bites you but does no damage. x2
Casting: Spectral Weapon (safe; 26% risk of failure)
Confirm with . or Enter, or press ? or * to list all spells.
You draw out your weapon's spirit!
You have got your breath back.
The water moccasin bites you but does no damage.
You miss the water moccasin.
The water moccasin is moderately wounded.
Your spectral weapon hits the water moccasin from afar.
The water moccasin bites you.
* * * LOW HITPOINT WARNING * * *
The water moccasin bites you but does no damage.
You miss the water moccasin.
The water moccasin is moderately wounded.
Your spectral weapon hits the water moccasin from afar!
The water moccasin bites you.
You die...

#####..............###.
#...................[..
#......................
######.#######....##...
##.# #.......## ###..#
#...#.... #....#
#........# #..(.#
#......... #...♣#
##........ #..S.#
##..####. #...#. #..
....###. ......# ..
......# .( ...... ...
..... ...


You could see a water moccasin and a friendly spectral +0 spear.

Vanquished Creatures
  3 adders
  A worm (D:2)
  2 leopard geckos
  A giant cockroach (D:3)
  A goblin (D:1)
  7 hobgoblins
  3 jackals (D:1)
  5 kobolds
  4 bats
  6 rats
33 creatures vanquished.

Notes
Turn   | Place    | Note
-------+----------+-------------------------------------------
     0 | D:1      | Richard19 the Naga Skald began the quest for the Orb.
     0 | D:1      | Reached XP level 1. HP: 19/19 MP: 3/3
   207 | D:1      | Reached XP level 2. HP: 11/26 MP: 5/5
   216 | D:1      | Learned a level 2 spell: Song of Slaying
   405 | D:1      | Reached skill level 1 in Stealth
  1228 | D:2      | Found a glowing silver altar of Zin.
  1235 | D:2      | Reached XP level 3. HP: 29/32 MP: 6/6
  1243 | D:2      | Learned a level 3 spell: Spectral Weapon
  1768 | D:3      | Found a sacrificial altar of Ru.
  1781 | D:3      | Reached skill level 1 in Hexes
  1781 | D:3      | Reached XP level 4. HP: 30/40 MP: 0/7
  1915 | D:3      | Noticed a water moccasin
  1941 | D:3      | Slain by a water moccasin

Skill      XL: |  1  2  3 |
---------------+----------+-----
Stealth        | 1 2 |  2.1
Hexes          | 1 |  1.2
Fighting       | |  2.4
Polearms       | |  2.5
Armour         | |  0.7
Dodging        | |  1.5
Spellcasting   | |  2.3
Charms         | |  3.3

Action                   |  1- 3 |  4- 6 || total
-------------------------+-------+-------++-------
Melee: Spear             |    59 |    26 ||    85
Throw: Stone             |    13 |     3 ||    16
 Cast: Spectral Weapon   |     1 |     1 ||     2
 Abil: Spit Poison       |    33 |     7 ||    40
  Use: Scroll            |     2 |       ||     2
       Potion            |       |     1 ||     1
  Eat: Chunk             |     4 |     1 ||     5
Armor: Leather armour    |    26 |     7 ||    33
       Skin              |       |     8 ||     8
Dodge: Dodged            |    21 |     8 ||    29
